 Dungeon Crawl Stone Soup version 0.15.2 (webtiles) character file.

552 MordorOrchid the Shield-Bearer (level 7, -9/55 HPs)
             Began as a Formicid Fighter on June 30, 2022.
             Was an Initiate of Cheibriados.
             Mangled by an ogre
             ... wielding a +0 giant club
              (20 damage)
             ... on Level 4 of the Dungeon.
             The game lasted 00:16:59 (2236 turns).

MordorOrchid the Shield-Bearer (Formicid Fighter)   Turns: 2236, Time: 00:16:59

HP  -9/55        AC 10     Str 22      XL: 7   Next: 55%
MP   9/9         EV  6     Int 10      God: Cheibriados [......]
Gold 146         SH 10     Dex 11      Spells:  0 memorised,  6 levels left

rFire  . . .     SeeInvis +     p - +0 trident
rCold  . . .     Clarity  .     t - +0 chain mail
rNeg   . . .     rCorr    .     c - +0 shield
rPois  .         rRot     .     (helmet unavailable)
rElec  .         Spirit   .     r - +0 cloak
SustAb .         Warding  .     (no gloves)
rMut   .         Stasis   +     (no boots)
Gourm  .                        (no amulet)
MR     +....                    (no ring)
                                f - ring of protection from magic

@: very slow, somewhat resistant to hostile enchantments, extremely unstealthy
A: permanent stasis, dig shafts and tunnels, four strong arms, antennae 3
a: Dig, Shaft Self, Bend Time, Renounce Religion


You were on level 4 of the Dungeon.
You worshipped Cheibriados.
Cheibriados was noncommittal.
You were not hungry.

You visited 1 branch of the dungeon, and saw 5 of its levels.

You collected 146 gold pieces.

Inventory:

Hand weapons
 b - a +0 blowgun
 j - a +0 hunting sling
 p - a +0 trident (weapon)
 q - a +0 dagger
 y - a cursed -1 dagger
Missiles
 g - 75 stones (quivered)
 h - 12 arrows
 o - 16 poisoned needles
 x - 39 sling bullets
Armour
 c - a +0 shield (worn)
 n - a +0 scale mail
 r - a +0 cloak (worn)
 t - a +0 chain mail (worn)
Comestibles
 d - 3 bread rations
 m - a slice of pizza
 u - 3 meat rations
 w - 2 rotting chunks of orc flesh
 B - 2 chunks of goblin flesh
 C - a chunk of giant cockroach flesh
 E - a chunk of worm flesh
Scrolls
 i - a scroll of teleportation {unknown}
 k - a scroll of recharging {unknown}
 l - 2 scrolls of fog
 v - 2 scrolls of remove curse
Jewellery
 f - a ring of protection from magic (left hand)
Potions
 a - a potion of magic
 e - a potion of might
 s - a potion of brilliance
 z - a potion of curing {unknown}
 A - a potion of heal wounds {unknown}
 D - a potion of cancellation {unknown}


   Skills:
 * Level 4.4 Fighting
 * Level 3.2 Polearms
 * Level 4.7 Armour
 * Level 2.8 Dodging
 * Level 2.4 Stealth
 * Level 6.0 Shields


You had 6 spell levels left.
You didn't know any spells.

Dungeon Overview and Level Annotations

Branches:
Dungeon (5/15)
 Temple: D:4-7

Altars:
Cheibriados
Okawaru
Qazlal
Yredelemnul

Shops:
D:4 [

Annotations:
D:5 Natasha


Innate Abilities, Weirdness & Mutations

Your are under a permanent stasis effect.
You can dig through walls and to a lower floor.
Your four strong arms can wield two-handed weapons with a shield.
You have a pair of large antennae on your head (SInv).


Message History

The ogre is heavily wounded.
The ogre hits you with a giant club.
You barely miss the ogre.
The ogre is heavily wounded.
The ogre hits you with a giant club!
* * * LOW HITPOINT WARNING * * *
You are too injured to fight recklessly!
You are too injured to fight recklessly!
You barely miss the ogre.
The ogre is heavily wounded.
You hit the ogre.
The ogre is severely wounded.
You block the ogre's attack.
You hit the ogre but do no damage.
The ogre is severely wounded.
The ogre barely misses you.
You hit the ogre.
The ogre is severely wounded.
The ogre hits you with a giant club!!
You die...

#...## #>.. ..# #.# ##.....##
#..###.# #####)## ##.......#
#...##.# #.......
##%........####...##.#####.##...#
.'.........+.....∩...............
##.........####......#####.##...#
##.......# ##.##### #.###.##
##.....# #.# #.# #(## #)..# #@#
#.###.## ######+#### #.O#
#....... ..........# ###.#
#####.## ###..#.##.# .# #.#
#.......#.# # #.# #.#.......# #.#
#.#.......####### #.#
(.......<........ #.##
...##.....####### #...


You could see an ogre.

Vanquished Creatures
  An ogre (D:4)
  2 phantoms
  4 orc wizards
  A worker ant (D:3)
  2 gnolls (D:4)
  6 adders
  2 worms
  An adder skeleton (D:4)
  4 giant geckos
  11 orcs
  6 giant cockroaches
  9 goblins
  10 hobgoblins
  6 jackals
  2 ball pythons
  8 bats
  4 giant newts
  A hobgoblin skeleton (D:4)
  3 kobolds
  6 rats
89 creatures vanquished.

Notes
Turn   | Place    | Note
--------------------------------------------------------------
     0 | D:1      | MordorOrchid, the Formicid Fighter, began the quest for the Orb.
     0 | D:1      | Reached XP level 1. HP: 18/18 MP: 1/1
    72 | D:1      | Reached XP level 2. HP: 17/24 MP: 3/3
   173 | D:2      | Reached XP level 3. HP: 29/29 MP: 4/4
   237 | D:2      | Reached skill level 4 in Shields
   284 | D:2      | Found a stormy altar of Qazlal.
   284 | D:2      | Found an iron altar of Okawaru.
   414 | D:2      | Reached skill level 1 in Dodging
   427 | D:2      | Reached skill level 1 in Stealth
   523 | D:2      | Reached XP level 4. HP: 19/35 MP: 5/5
   854 | D:3      | Reached XP level 5. HP: 28/41 MP: 7/7
   940 | D:4      | Noticed a phantom
  1063 | D:3      | Killed a phantom
  1063 | D:3      | Reached skill level 5 in Shields
  1063 | D:3      | Reached XP level 6. HP: 14/48 MP: 8/8
  1578 | D:4      | Noticed a phantom
  1634 | D:4      | Killed a phantom
  1634 | D:4      | Reached XP level 7. HP: 37/54 MP: 9/9
  1917 | D:5      | Entered Level 5 of the Dungeon
  1917 | D:5      | Noticed Natasha
  2084 | D:4      | Found a snail-covered altar of Cheibriados.
  2106 | D:4      | Became a worshipper of Cheibriados the Contemplative
  2107 | D:4      | Found a basalt altar of Yredelemnul.
  2184 | D:4      | Noticed an ogre
  2190 | D:4      | Killed an ogre
  2190 | D:4      | Reached skill level 6 in Shields
  2207 | D:4      | Found Frusmer's Antique Armour Emporium.
  2226 | D:4      | Noticed an ogre
  2236 | D:4      | Mangled by an ogre

Action                   |  1- 3 |  4- 6 |  7- 9 || total
-------------------------+-------+-------+-------++-------
Melee: Trident           |    96 |   285 |   154 ||   535
 Fire: Blowgun           |       |     2 |       ||     2
Throw: Stone             |       |    21 |     3 ||    24
 Abil: Dig               |       |     2 |     2 ||     4
  Use: Scroll            |       |     6 |       ||     6
  Eat: Chunk             |       |     3 |     3 ||     6
